 Dungeon Crawl Stone Soup version 0.31-a0-968-g24f9ace8b5 (webtiles) character file.

Game seed: 15010889702310817906

45 promet the Caller (level 3, -1/20 HPs)
             Began as a Deep Elf Summoner on Oct 27, 2023.
             Slain by a hobgoblin (4 damage)
             ... led by Robin
             ... on level 2 of the Dungeon.
             The game lasted 00:11:15 (1331 turns).

promet the Caller (Deep Elf Summoner)               Turns: 1331, Time: 00:11:17

Health: -1/20      AC:  2    Str:  7    XL:     3   Next: 42%
Magic:  5/9        EV: 12    Int: 19    God:
Gold:   66         SH:  0    Dex: 15    Spells: 5/8 levels left

rFire   . . .        a - +0 hand axe
rCold   . . .        (no shield)
rNeg    . . .        e - +0 robe
rPois   .            (no helmet)
rElec   .            (no cloak)
rCorr   .            (no gloves)
SInv    .            (no boots)
Will    .....        (no amulet)
Stlth   ++           (no ring)
HPRegen 0.23/turn    (no ring)
MPRegen 0.11/turn

%: no passive effects
@: lethally poisoned (-1 -> -5), hasted, very quick
A: no striking features
a: no special abilities


You were on level 2 of the Dungeon.
You visited 1 branch of the dungeon, and saw 2 of its levels.

You collected 66 gold pieces.

Inventory:

Hand Weapons
 a - a +0 hand axe (weapon)
 c - a +0 dagger
Missiles
 g - 2 javelins (quivered)
 j - 11 stones
 k - 4 poisoned darts
 l - 2 boomerangs
Armour
 e - a +0 robe (worn)
 f - a +0 leather armour
Scrolls
 d - 2 scrolls of immolation {unknown}
 h - 2 scrolls of teleportation {unknown}
Potions
 b - a potion of magic
 i - a potion of heal wounds {unknown}
 m - 2 potions of haste
 n - a potion of might {unknown}


   Skills:
 * Level 0.4 Fighting
 + Level 0.1 Axes
 + Level 2.5 Dodging
 + Level 2.5 Stealth
 + Level 0.5 Unarmed Combat
 + Level 3.3 Spellcasting
 + Level 5.2 Summonings


You had 5 spell levels left.
You knew the following spells:

 Your Spells              Type           Power      Damage    Failure   Level
a - Summon Small Mammal   Summ           92%        N/A       1%          1
b - Call Imp              Summ           46%        N/A       2%          2

Your spell library contained the following spells:

 Spells                   Type           Power      Damage    Failure   Level
 Call Canine Familiar     Summ           23%        N/A       4%          3
 Summon Guardian Golem    Hex/Summ       13%        N/A       16%         3
 Summon Lightning Spire   Summ/Air       13%        N/A       45%         4


Dungeon Overview and Level Annotations

Branches:
Dungeon (2/15)

Altars:

Shops:
D:2 [


Message History

Confirm with . or Enter, or press ? or * to list all spells.
You feel sick. The adder closely misses you. The endoplasm freezes you.
You are frozen.
The hobgoblin hits you. The frilled lizard bites your rat.
The goblin hits your cerulean imp with a +0 club.
Your rat misses the frilled lizard.
Your cerulean imp barely misses the goblin.
You barely miss the adder.
The adder is lightly wounded.
You hit the hobgoblin but do no damage. You hit the endoplasm.
You feel sick. The adder bites you.
* * * LOW HITPOINT WARNING * * *
You are lethally poisoned!
The adder poisons you! The endoplasm freezes you.
You are frozen.
* * * LOW HITPOINT WARNING * * *
The hobgoblin closely misses you.
The frilled lizard barely misses your rat.
The goblin barely misses your cerulean imp.
Your rat misses the frilled lizard. The adder barely misses you.
Your quokka barely misses the hobgoblin.
Your cerulean imp hits the goblin but does no damage.
It was a potion of haste.
You feel yourself speed up.
* * * LOW HITPOINT WARNING * * *
You feel sick. The endoplasm closely misses you. The adder misses you.
The hobgoblin barely misses you. The frilled lizard bites your rat.
Your rat dies!
Your rat's corpse disappears in a puff of smoke!
The goblin hits you but does no damage.
The goblin closely misses your cerulean imp.
Your quokka closely misses the hobgoblin.
Your cerulean imp barely misses the goblin.
You swap places.
* * * LOW HITPOINT WARNING * * *
You feel sick. The adder barely misses your quokka.
Your quokka closely misses the hobgoblin.
The endoplasm hits your quokka but does no damage.
The hobgoblin hits you.
You die...

..g.(......................
...........................
...........................
...........................
g......g..........>........
.(......5l§................
.........JS................
#######..gr....########....
##.g@...## ##### ########


You could see an adder, an endoplasm (ally target), a hobgoblin, 2 goblins, a
frilled lizard, a friendly cerulean imp (summoned) and a friendly quokka
(summoned).

Vanquished Creatures
  A giant cockroach (D:1)
  3 jackals (D:1)
  A quokka (D:1)
  A bat (D:1)
  2 frilled lizards (D:1)
  2 rats (D:1)
10 creatures vanquished.

Vanquished Creatures (collateral kills)
  3 dart slugs (D:1)
  2 ball pythons (D:1)
  2 endoplasms (D:1)
  2 giant cockroaches (D:1)
  2 goblins
  3 hobgoblins (D:1)
  A jackal (D:1)
  A quokka (D:1)
  A bat (D:1)
  2 frilled lizards
  6 kobolds
  3 rats
28 creatures vanquished.

Grand Total: 38 creatures vanquished

Notes
Turn   | Place    | Note
-------+----------+-------------------------------------------
     0 | D:1      | promet the Deep Elf Summoner began the quest for the Orb.
     0 | D:1      | Reached XP level 1. HP: 10/10 MP: 6/6
   138 | D:1      | Reached XP level 2. HP: 15/15 MP: 8/8
   147 | D:1      | Learned a level 2 spell: Call Imp
   406 | D:1      | Reached skill level 5 in Summonings
   730 | D:1      | Reached XP level 3. HP: 16/19 MP: 9/9
  1312 | D:2      | Found Baficegy's Antique Armour Shop.
  1331 | D:2      | Slain by a hobgoblin

Illustrated notes

Levels and vault maps discovered:
D:1:      ncdulo_wetmaze, layout_loops_cross, minivault_24, lemuel_flame_loot_1
D:2:      layout_rooms, serial_shops, nicolae_shop_industrial_runoff, shop,
          shop, shapermc_ecumenical_altar_mp_vishouse, uniq_robin

Skill      XL: |  1  2 |
---------------+-------+-----
Summonings     | 5 |  5.2
Fighting       | |  0.4
Axes           | |  0.1
Dodging        | |  2.5
Stealth        | |  2.5
Unarmed Combat | |  0.5
Spellcasting   | |  3.3

Action                     || total
---------------------------++-------
  Melee: Unarmed           ||     3
         Dagger            ||    27
         Hand axe          ||    14
   Cast: Summon Small Mamm ||    44
         Call Imp          ||    10
    Use: Potion            ||     1
 Armour: Robe              ||    37
  Dodge: Dodged            ||    54

Table legend: (Time is in decaauts)
 A = Elapsed time spent in this place.
 B = Non-inter-level travel time spent in this place.
 C = Inter-level travel time spent in this place.
 D = Time resting spent in this place.
 E = Time spent auto-exploring this place.
 F = Levels seen in this place.
 G = Mean time per level.
                   A        B        C        D        E       F      G
               +--------+--------+--------+--------+--------+-----+--------+
         Total |   1347 |   1311 |     36 |    146 |    308 |   2 |  673.5 |
       Dungeon |   1347 |   1311 |     36 |    146 |    308 |   2 |  673.5 |
               +--------+--------+--------+--------+--------+-----+--------+

Top non-repeatable levels by time:
     D:1: 1248 daAuts
     D:2: 99 daAuts
